 Dungeon Crawl Stone Soup version 0.28-a0-1412-gf95308ed99 (webtiles) character file.

Game seed: 16501844954072952347

27 Pin the Grave Robber (level 2, -5/19 HPs)
             Began as a Mummy Necromancer on Jan 7, 2022.
             Slain by a kobold (6 damage)
             ... on level 1 of the Dungeon.
             The game lasted 00:09:44 (1244 turns).

Pin the Grave Robber (Mummy Necromancer)            Turns: 1244, Time: 00:09:44

Health: -5/19      AC:  2    Str: 11    XL:     2   Next: 93%
Magic:  2/6        EV: 12    Int: 14    God:
Gold:   70         SH:  0    Dex: 12    Spells: 5/7 levels left

rFire   x . .      SeeInvis .   (no weapon)
rCold   + . .      Faith    .   c - orb {mayhem}
rNeg    + + +      Spirit   .   a - +0 robe
rPois   ∞          Reflect  .   (no helmet)
rElec   .          Harm     .   (no cloak)
rCorr   .          Rampage  .   (no gloves)
Will    .....                   (no boots)
Stlth   ++........              (no amulet)
HPRegen 0.06/turn               (no ring)
MPRegen 0.10/turn               (no ring)

@: no status effects
A: cold resistance 1, negative energy resistance 3, torment resistance 2, heat
vulnerability 1, no potions
a: no special abilities


You were on level 1 of the Dungeon.
You visited 1 branch of the dungeon, and saw 1 of its levels.

You collected 70 gold pieces.

Inventory:

Armour
 a - a +0 robe (worn)
 c - an orb of mayhem (worn)
Potions
 b - a potion of haste {unknown}
 d - 2 potions of heal wounds {unknown}


   Skills:
 - Level 1.5 Dodging
 + Level 2.0 Stealth
 + Level 3.1 Spellcasting
 * Level 4.5 Necromancy


You had 5 spell levels left.
You knew the following spells:

 Your Spells              Type           Power      Damage    Failure   Level
a - Pain                  Necr           56%        1d6       3%          1
b - Animate Skeleton      Necr           28%        N/A       3%          1

Your spell library contained the following spells:

 Spells                   Type           Power      Damage    Failure   Level
 Vampiric Draining        Necr           14%        2d7       10%         3
 Magic Dart               Conj           8%         1d3       22%         1
 Call Imp                 Summ           2%         N/A       32%         2
 Animate Dead             Necr           7%         N/A       32%         4
 Mephitic Cloud           Conj/Pois/Air  2%         N/A       54%         3
 Agony                    Necr           14%        N/A       65%         5


Dungeon Overview and Level Annotations

Branches:
Dungeon (1/15)

Altars:

Shops:
D:1 (*


Innate Abilities, Weirdness & Mutations

You are immune to poison.
Your flesh is cold resistant. (rC+)
You are immune to negative energy. (rN+++)
You are immune to unholy pain and torment.
You are vulnerable to heat. (rF-)
You do not drink.


Message History

Casting: Pain (safe; 3% risk of failure)
Confirm with . or Enter, or press ? or * to list all spells.
Aiming: Pain (safe; 3% risk of failure)
Press: ? - help, Shift-Dir - straight line, f/p - jackal
Aim: a jackal (chance to affect: 84%)
The jackal barely resists.
The jackal bites you but does no damage.
The jackal barely misses you.
Casting: Pain (safe; 3% risk of failure)
Confirm with . or Enter, or press ? or * to list all spells.
Aiming: Pain (safe; 3% risk of failure)
Press: ? - help, Shift-Dir - straight line, f/p - jackal
Aim: a jackal (chance to affect: 84%)
The jackal writhes in agony.
The jackal bites you.
Casting: Pain (safe; 3% risk of failure)
Confirm with . or Enter, or press ? or * to list all spells.
Aiming: Pain (safe; 3% risk of failure)
Press: ? - help, Shift-Dir - straight line, f/p - jackal
Aim: a jackal (severely wounded, chance to affect: 84%)
The jackal writhes in agony.
You kill the jackal!
The kobold flies into a frenzy!
The kobold hits something with a +0 dagger.
You feel a bit more experienced.
The kobold shouts!
The kobold shouts!
The kobold shouts!
The kobold misses you.
The kobold shouts!
The kobold hits you with a +0 dagger. The kobold hits you with a +0 dagger.
The kobold hits you with a +0 dagger. The kobold hits you with a +0 dagger.
* * * LOW HITPOINT WARNING * * *
The kobold hits you with a +0 dagger.
* * * LOW HITPOINT WARNING * * *
Okay, then.
The kobold shouts!
The kobold hits you with a +0 dagger.
You die...

.#.. #.# #.# .... #.#
#.## ###### #.. #.# ...#
#####....# #..##.# #..#
....'....# #..#.###..#
...##....# #.........#
.#.##....# #..#†####.#
.#.##....# #..#.####.#
.#.##....# #...@.....#
.#.##....# #..K####..#
.#.......####....# ..#
+#.............#.###..###
.....#..######.#.........
....###...####.##..######
.....#.............#.#
####...(#...###.#.##.#
...+...###..'........#


You could see a neutral kobold (fast, strong, insane).

Vanquished Creatures
  3 hobgoblins (D:1)
  3 jackals (D:1)
  A quokka (D:1)
  A ball python (D:1)
  5 bats (D:1)
  2 frilled lizards (D:1)
  A kobold (D:1)
  2 rats (D:1)
18 creatures vanquished.

Vanquished Creatures (collateral kills)
  2 dart slugs (D:1)
  A hobgoblin (D:1)
  2 frilled lizards (D:1)
  A rat (D:1)
6 creatures vanquished.

Vanquished Creatures (others)
  3 fungi (D:1)
  4 plants (D:1)
7 creatures vanquished.

Grand Total: 31 creatures vanquished

Notes
Turn   | Place    | Note
-------+----------+-------------------------------------------
     0 | D:1      | Pin the Mummy Necromancer began the quest for the Orb.
     0 | D:1      | Reached XP level 1. HP: 13/13 MP: 4/4
     2 | D:1      | Learned a level 1 spell: Animate Skeleton
   308 | D:1      | Found a faded altar of an unknown god.
   321 | D:1      | Reached XP level 2. HP: 19/19 MP: 2/5
   515 | D:1      | Found Wavov's Antique Weapon Shoppe.
  1218 | D:1      | Found Xyigg's General Store.
  1244 | D:1      | Slain by a kobold

Illustrated notes

Levels and vault maps discovered:
D:1:      lightli_iron_boxes, layout_basic,
          shapermc_ecumenical_altar_mp_ritualfount, serial_shops,
          nicolae_shop_stone, shop, shop, shop, minmay_pentomino_x2

Skill      XL: |  1  2 |
---------------+-------+-----
Spellcasting   | 3 |  3.1
Stealth        | 2 |  2.0
Dodging        | |  1.5
Necromancy     | |  4.5

Action                   || total
-------------------------++-------
Melee: Unarmed           ||    49
 Cast: Pain              ||    28
       Animate Skeleton  ||    13
Armor: Robe              ||    19
Dodge: Dodged            ||    68

Table legend: (Time is in decaauts)
 A = Elapsed time spent in this place.
 B = Non-inter-level travel time spent in this place.
 C = Inter-level travel time spent in this place.
 D = Time resting spent in this place.
 E = Time spent auto-exploring this place.
 F = Levels seen in this place.
 G = Mean time per level.
                   A        B        C        D        E       F      G
               +--------+--------+--------+--------+--------+-----+--------+
         Total |   1246 |   1246 |      0 |    656 |    169 |   1 | 1246.0 |
       Dungeon |   1246 |   1246 |      0 |    656 |    169 |   1 | 1246.0 |
               +--------+--------+--------+--------+--------+-----+--------+

Top non-repeatable levels by time:
     D:1: 1246 daAuts
